SNL (28 & UNDER)
MONTGOMERY BISCUITS @ SALEM SILVER SOULS
09/10/2030
 
TOP OF THE 1ST
Montgomery Biscuits batting - Pitching for Salem Silver Souls : RHP Wei-liang Zhuan
Pitching: RHP Wei-liang Zhuan
Batting: LHB Amlak Saitoti 0-0: SINGLE (Groundball, 4MD)
Batting: RHB Dave Sawyer 0-0: Ball
1-0: Ball
2-0: Ball
3-0: Called Strike
3-1: Grounds into double play, 6-4-3 (Groundball, 6D)
Batting: LHB Marcos Féliz 0-0: Called Strike
0-1: Ground out 6-3 (Groundball, 6)
Top of the 1st over - 0 runs, 1 hit, 0 errors, 0 left on base; Montgomery 0 - Salem 0
BOTTOM OF THE 1ST
Salem Silver Souls batting - Pitching for Montgomery Biscuits : RHP Brent Shirley
Pitching: RHP Brent Shirley
Batting: LHB Chris White 0-0: Ball
1-0: Called Strike
1-1: Foul Ball, location: 2F
1-2: Ball
2-2: Strikes out swinging
Batting: LHB José Guillén 0-0: Ground out 1-3 (Groundball, P)
Batting: RHB Steve Smith 0-0: TRIPLE (Line Drive, 9LD)
Batting: RHB Armando García 0-0: Ball
1-0: Called Strike
1-1: Called Strike
1-2: SINGLE (Line Drive, 56)
Steve Smith scores
Batting: RHB Gilberto León 0-0: Ball
1-0: Ball
2-0: Swinging Strike
2-1: Fly out, F4 (Popup, 34)
Bottom of the 1st over - 1 run, 2 hits, 0 errors, 1 left on base; Montgomery 0 - Salem 1
TOP OF THE 2ND
Montgomery Biscuits batting - Pitching for Salem Silver Souls : RHP Wei-liang Zhuan
Batting: LHB António Fernández 0-0: Ball
1-0: Called Strike
1-1: Swinging Strike
1-2: Ball
2-2: Foul Ball, location: 2F
2-2: Strikes out swinging
Batting: RHB Manny Gutiérrez 0-0: Called Strike
0-1: Called Strike
0-2: Foul Ball, location: 2F
0-2: Ball
1-2: Strikes out looking
Batting: LHB Gilbert Stegall 0-0: Ball
1-0: Ball
2-0: Called Strike
2-1: Ball
3-1: Base on Balls
Batting: RHB Dave McGuire 0-0: Ball
1-0: Ball
2-0: Ball
3-0: Called Strike
3-1: Swinging Strike
3-2: Strikes out swinging
Top of the 2nd over - 0 runs, 0 hits, 0 errors, 1 left on base; Montgomery 0 - Salem 1
BOTTOM OF THE 2ND
Salem Silver Souls batting - Pitching for Montgomery Biscuits : RHP Brent Shirley
Batting: SHB Alberto Sandoval 0-0: Foul Ball, location: 2F
0-1: TRIPLE (Flyball, 8RXD)
Batting: RHB Cameron Irwin 0-0: Called Strike
0-1: Fly out, F7 (Flyball, 7)
Runner from 3rd tags up, SCORES, throw made
Batting: RHB Pedro Rivera 0-0: Ball
1-0: Ball
2-0: Foul Ball, location: 2F
2-1: Swinging Strike
2-2: Ball
3-2: Ground out U3 (Groundball, 34)
Batting: RHB Juan Becerra 0-0: Ball
1-0: Foul Ball, location: 2F
1-1: Called Strike
1-2: Strikes out swinging
Bottom of the 2nd over - 1 run, 1 hit, 0 errors, 0 left on base; Montgomery 0 - Salem 2
TOP OF THE 3RD
Montgomery Biscuits batting - Pitching for Salem Silver Souls : RHP Wei-liang Zhuan
Batting: LHB José Castillo 0-0: Ground out U3 (Groundball, 3)
Batting: RHB Greg Williams 0-0: Swinging Strike
0-1: Foul Ball, location: 2F
0-2: Foul Ball, location: 2F
0-2: Ball
1-2: Strikes out swinging
Batting: LHB Amlak Saitoti 0-0: Ball
1-0: Ball
2-0: Ball
3-0: Base on Balls
Batting: RHB Dave Sawyer 0-0: Ball
1-0: Ball
2-0: Fielders Choice at 2nd, 5-4 (Groundball, 56)
Top of the 3rd over - 0 runs, 0 hits, 0 errors, 1 left on base; Montgomery 0 - Salem 2
BOTTOM OF THE 3RD
Salem Silver Souls batting - Pitching for Montgomery Biscuits : RHP Brent Shirley
Batting: LHB Chris White 0-0: Ball
1-0: Called Strike
1-1: SINGLE (Line Drive, 56)
Batting: LHB José Guillén 0-0: Ball
1-0: Called Strike
1-1: Ball
2-1: Fly out, F7 (Flyball, 7LDF)
Batting: RHB Steve Smith Pickoff Throw to First - Error! E1
Chris White to second
0-0: Ball
Chris White steals 3rd base
1-0: Foul Ball, location: 2F
1-1: Called Strike
1-2: Strikes out looking
Batting: RHB Armando García 0-0: Called Strike
0-1: Ball
1-1: Swinging Strike
1-2: Strikes out swinging
Bottom of the 3rd over - 0 runs, 1 hit, 1 error, 1 left on base; Montgomery 0 - Salem 2
TOP OF THE 4TH
Montgomery Biscuits batting - Pitching for Salem Silver Souls : RHP Wei-liang Zhuan
Batting: LHB Marcos Féliz 0-0: Ball
1-0: Ground out 4-3 (Groundball, 4)
Batting: LHB António Fernández 0-0: Ball
1-0: Foul Ball, location: 2F
1-1: Ball
2-1: Ball
3-1: Foul Ball, location: 2F
3-2: Foul Ball, location: 2F
3-2: Strikes out looking
Batting: RHB Manny Gutiérrez 0-0: Called Strike
0-1: Called Strike
0-2: Ball
1-2: Ball
2-2: Strikes out looking
Top of the 4th over - 0 runs, 0 hits, 0 errors, 0 left on base; Montgomery 0 - Salem 2
BOTTOM OF THE 4TH
Salem Silver Souls batting - Pitching for Montgomery Biscuits : RHP Brent Shirley
Batting: RHB Gilberto León 0-0: Foul Ball, location: 2F
0-1: Ball
1-1: Ball
2-1: Swinging Strike
2-2: Strikes out looking
Batting: SHB Alberto Sandoval 0-0: Ball
1-0: Called Strike
1-1: Ground out 6-3 (Groundball, 6)
Batting: RHB Cameron Irwin 0-0: Ball
1-0: Ball
2-0: Ball
3-0: Called Strike
3-1: Ground out 6-3 (Groundball, 6)
Bottom of the 4th over - 0 runs, 0 hits, 0 errors, 0 left on base; Montgomery 0 - Salem 2
TOP OF THE 5TH
Montgomery Biscuits batting - Pitching for Salem Silver Souls : RHP Wei-liang Zhuan
Batting: LHB Gilbert Stegall 0-0: Swinging Strike
0-1: Swinging Strike
0-2: Ground out 5-3 (Groundball, 5)
Batting: RHB Dave McGuire 0-0: Foul Ball, location: 2F
0-1: Foul Ball, location: 2F
0-2: Ball
1-2: Foul Ball, location: 2F
1-2: Foul Ball, location: 2F
1-2: Ball
2-2: Foul Ball, location: 2F
2-2: Foul Ball, location: 2F
2-2: Foul Ball, location: 2F
2-2: Ground out 6-3 (Groundball, 6)
Batting: LHB José Castillo 0-0: Called Strike
0-1: Fly out, F9 (Flyball, 9)
Top of the 5th over - 0 runs, 0 hits, 0 errors, 0 left on base; Montgomery 0 - Salem 2
BOTTOM OF THE 5TH
Salem Silver Souls batting - Pitching for Montgomery Biscuits : RHP Brent Shirley
Batting: RHB Pedro Rivera 0-0: Fly out, F8 (Flyball, 8RD)
Batting: RHB Juan Becerra 0-0: Called Strike
0-1: Ball
1-1: Ground out 5-3 (Groundball, 56)
Batting: LHB Chris White 0-0: Ball
1-0: Ground out 4-3 (Groundball, 4M)
Bottom of the 5th over - 0 runs, 0 hits, 0 errors, 0 left on base; Montgomery 0 - Salem 2
TOP OF THE 6TH
Montgomery Biscuits batting - Pitching for Salem Silver Souls : RHP Wei-liang Zhuan
Batting: RHB Greg Williams 0-0: Ground out 1-3 (Groundball, 15S)
Batting: LHB Amlak Saitoti 0-0: Ball
1-0: Foul Ball, location: 2F
1-1: Swinging Strike
1-2: Strikes out swinging
Batting: RHB Dave Sawyer 0-0: Ball
1-0: Ball
2-0: Swinging Strike
2-1: Foul Ball, location: 2F
2-2: Ball
3-2: Foul Ball, location: 2F
3-2: SINGLE (Groundball, 23) (infield hit)
Batting: LHB Marcos Féliz 0-0: Ball
1-0: Ground out 1-3 (Groundball, 13S)
Top of the 6th over - 0 runs, 1 hit, 0 errors, 1 left on base; Montgomery 0 - Salem 2
BOTTOM OF THE 6TH
Salem Silver Souls batting - Pitching for Montgomery Biscuits : RHP Brent Shirley
Batting: LHB José Guillén 0-0: Called Strike
0-1: Foul Ball, location: 2F
0-2: Ball
1-2: Foul Ball, location: 2F
1-2: Strikes out swinging
Batting: RHB Steve Smith 0-0: Called Strike
0-1: Foul Ball, location: 2F
0-2: Foul Ball, location: 2F
0-2: Fly out, F7 (Flyball, 78M)
Batting: RHB Armando García 0-0: Called Strike
0-1: Ball
1-1: Called Strike
1-2: Ball
2-2: Fly out, F6 (Line Drive, 6)
Bottom of the 6th over - 0 runs, 0 hits, 0 errors, 0 left on base; Montgomery 0 - Salem 2
TOP OF THE 7TH
Montgomery Biscuits batting - Pitching for Salem Silver Souls : RHP Wei-liang Zhuan
Batting: LHB António Fernández 0-0: SINGLE (Flyball, 89S)
Batting: RHB Manny Gutiérrez 0-0: Called Strike
0-1: Ball
1-1: Ball
2-1: Ball
3-1: Foul Ball, location: 2F
3-2: Base on Balls
António Fernández to second
Batting: LHB Gilbert Stegall 0-0: Bunted foul
0-1: Sac Bunt - play at first, batter safe!
António Fernández to third
Manny Gutiérrez to second
Pinch Hitting: RHB Reinaldo Amarante 0-0: Ball
1-0: Called Strike
1-1: Swinging Strike
1-2: Ball
2-2: Strikes out swinging
Pinch Hitting: SHB Marvin López 0-0: Ball
1-0: Ball
2-0: Called Strike
2-1: Foul Ball, location: 2F
2-2: Ball
3-2: Foul Ball, location: 2F
3-2: SINGLE (Line Drive, 89S)
António Fernández scores
Manny Gutiérrez to third
Gilbert Stegall to second
Runner from 3rd tries for Home, SAFE, no throw
Pitching: RHP Wilson Díaz
Batting: RHB Greg Williams 0-0: Ball
1-0: Called Strike
Gilbert Stegall steals 3rd base
1-1: Foul Ball, location: 2F
1-2: Strikes out looking
Pitching: LHP Lorenzo Guzmán
Pinch Hitting: RHB Marvin Kidd 0-0: Foul Ball, location: 2F
0-1: Ball
1-1: Swinging Strike
1-2: Foul Ball, location: 2F
1-2: Strikes out swinging
Top of the 7th over - 2 runs, 3 hits, 0 errors, 2 left on base; Montgomery 2 - Salem 2
BOTTOM OF THE 7TH
Salem Silver Souls batting - Pitching for Montgomery Biscuits : RHP Brent Shirley
Now at 1B: Marvin López
Now at SS: Reinaldo Amarante
Now in LF: Marvin Kidd
Batting: RHB Gilberto León 0-0: Ball
1-0: Ground out 4-3 (Groundball, 4S)
Batting: SHB Alberto Sandoval 0-0: Called Strike
0-1: Foul Ball, location: 2F
0-2: Ball
1-2: Strikes out swinging
Pinch Hitting: LHB Balduíno Bruschy 0-0: Ball
1-0: Ball
2-0: Foul Ball, location: 2F
2-1: Fly out, F8 (Flyball, 8RS)
Bottom of the 7th over - 0 runs, 0 hits, 0 errors, 0 left on base; Montgomery 2 - Salem 2
TOP OF THE 8TH
Montgomery Biscuits batting - Pitching for Salem Silver Souls : LHP Lorenzo Guzmán
Pitching: LHP Alfonso Guerra
Now in RF: Jesús Sosa
Batting: RHB Dave Sawyer 0-0: Swinging Strike
0-1: Ball
1-1: Ball
2-1: Foul Ball, location: 2F
2-2: Ball
3-2: Strikes out swinging
Pinch Hitting: RHB Lorenzo Tamayo 0-0: Called Strike
0-1: Foul Ball, location: 2F
0-2: Ball
1-2: Ball
2-2: Foul Ball, location: 2F
2-2: Strikes out swinging
Batting: LHB António Fernández 0-0: Swinging Strike
0-1: Ball
1-1: Ball
2-1: SINGLE (Groundball, 3D)
Batting: RHB Manny Gutiérrez 0-0: Ball
1-0: Ball
2-0: Ball
3-0: Base on Balls
António Fernández to second
Pinch Hitting: SHB Pancho Ruíz 0-0: SINGLE (Line Drive, 56)
António Fernández to third
Manny Gutiérrez to second
Runner from 3rd tries for Home, SAFE, no throw
Pinch Runner at 2nd Juan Morales:
Batting: RHB Reinaldo Amarante 0-0: Fly out, F8 (Flyball, 8RM)
Top of the 8th over - 1 run, 2 hits, 0 errors, 2 left on base; Montgomery 3 - Salem 2
BOTTOM OF THE 8TH
Salem Silver Souls batting - Pitching for Montgomery Biscuits : RHP Brent Shirley
Pitching: RHP Calvin Snyder
Now at 3B: Pancho Ruíz
Now in CF: Juan Morales
Now in RF: Jorge Guzmán
Batting: RHB Pedro Rivera 0-0: Called Strike
0-1: Ball
1-1: Called Strike
1-2: Foul Ball, location: 2F
1-2: Ball
2-2: Ball
3-2: Foul Ball, location: 2F
3-2: Ground out 6-3 (Groundball, 6M)
Batting: RHB Juan Becerra 0-0: Called Strike
0-1: Ball
1-1: Ball
2-1: Foul Ball, location: 2F
2-2: Fly out, F9 (Flyball, 89D)
Pitching: LHP Juan Reyes
Batting: LHB Chris White 0-0: Ball
1-0: Foul Ball, location: 2F
1-1: Swinging Strike
1-2: Strikes out swinging
Bottom of the 8th over - 0 runs, 0 hits, 0 errors, 0 left on base; Montgomery 3 - Salem 2
TOP OF THE 9TH
Montgomery Biscuits batting - Pitching for Salem Silver Souls : LHP Alfonso Guerra
Pitching: RHP Ramón Marerro
Batting: SHB Marvin López 0-0: Called Strike
0-1: Ball
1-1: Foul Ball, location: 2F
1-2: Ball
2-2: Ball
3-2: Foul Ball, location: 2F
3-2: DOUBLE (Line Drive, 9D)
Batting: RHB Greg Williams 0-0: Called Strike
0-1: Ball
1-1: Fly out, F4 (Popup, 4S)
Batting: RHB Marvin Kidd 0-0: Intentional Walk
Pinch Runner at 2nd Thomas Moore:
Pinch Hitting: LHB Francisco Romo 0-0: Ball
1-0: Swinging Strike
1-1: Foul Ball, location: 2F
1-2: Strikes out swinging
Pinch Hitting: RHB Mike Cleveland 0-0: Called Strike
0-1: Ball
1-1: Ball
2-1: Foul Ball, location: 2F
2-2: Foul Ball, location: 2F
2-2: Fly out, F8 (Line Drive, 8RD)
Top of the 9th over - 0 runs, 1 hit, 0 errors, 2 left on base; Montgomery 3 - Salem 2
BOTTOM OF THE 9TH
Salem Silver Souls batting - Pitching for Montgomery Biscuits : LHP Juan Reyes
Now at 1B: Mike Cleveland
Now at 3B: Roy Powell
Now at SS: Thomas Moore
Batting: LHB José Guillén 0-0: SINGLE (Flyball, 9S)
Pitching: RHP Ron Simmons
Batting: RHB Steve Smith 0-0: Called Strike
Pickoff Throw to First - Error! E1
José Guillén to second
0-1: Ball
1-1: Ball
2-1: Ball
3-1: Base on Balls
Pinch Hitting: LHB Luis Aragón 0-0: Foul Ball, location: 2F
0-1: Ball
1-1: Called Strike
1-2: SINGLE (Groundball, 6MD)
José Guillén to third
Steve Smith to second
Runner from 3rd tries for Home, SAFE, no throw
Pinch Runner at 2nd Elpidio Martinho:
Batting: RHB Gilberto León 0-0: Swinging Strike
0-1: Ball
1-1: Ball
2-1: SINGLE (Groundball, 6MD)
Elpidio Martinho to third
Luis Aragón to second
Runner from 3rd tries for Home, SAFE, no throw
Saturday, April 7th, 2018 - OOTP Baseball 18.8 Build 76